 Dungeon Crawl Stone Soup version 0.22-a0-409-gb855193 (webtiles) character file.

212 KristoblXynda the Ruffian (level 5, -5/40 HPs)
             Began as a Draconian Transmuter on May 10, 2018.
             Was an Initiate of Ru.
             Slain by Anon1729's ghost (11 damage)
             ... on level 3 of the Dungeon.
             The game lasted 00:06:42 (2888 turns).

KristoblXynda the Ruffian (Draconian Transmuter)    Turns: 2888, Time: 00:06:43

Health: -5/40      AC:  6    Str: 13    XL:     5   Next: 58%
Magic:  8/8        EV: 12    Int: 14    God:    Ru [......]
Gold:   77         SH:  0    Dex: 11    Spells: 2/8 levels left

rFire    . . .     SeeInvis .     - Unarmed
rCold    . . .     Gourm    .   (no shield)
rNeg     . . .     Faith    .   (armour unavailable)
rPois    .         Spirit   .   (helmet restricted)
rElec    .         Reflect  .   (no cloak)
rCorr    .         Harm     .   g - +0 pair of gloves
MR       .....                  (no boots)
Stlth    +.........             (no amulet)
HPRegen  0.13/turn              (no ring)
MPRegen  0.11/turn              (no ring)

@: no status effects
A: unfitting armour, cold-blooded, AC +5
a: Renounce Religion


You were on level 3 of the Dungeon.
You worshipped Ru.
Ru was noncommittal.
You were hungry.

You visited 1 branch of the dungeon, and saw 3 of its levels.

You collected 77 gold pieces.

Inventory:

Missiles
 a - 40 arrows
Armour
 e - a +0 shield
 g - a +0 pair of gloves (worn)
Wands
 d - a wand of acid (4)
Scrolls
 b - 2 scrolls of immolation
 j - a scroll of fear {unknown}
 k - a scroll of blinking {unknown}
Potions
 f - a potion of ambrosia {unknown}
 i - a potion of invisibility
Comestibles
 c - 3 rations
 h - 3 chunks of flesh


   Skills:
 - Level 1.1 Fighting
 - Level 1.7 Dodging
 * Level 5.5 Unarmed Combat
 - Level 2.0 Spellcasting
 + Level 3.7 Transmutations


You had 2 spell levels left.
You knew the following spells:

 Your Spells              Type           Power        Failure   Level  Hunger
a - Beastly Appendage     Tmut           ##....       5%          1    ##.....
b - Spider Form           Tmut/Pois      #.........   32%         3    ####...
c - Sticks to Snakes      Tmut           ##......     8%          2    ###....


Dungeon Overview and Level Annotations

Branches:
Dungeon (3/15)

Altars:
Okawaru
Ru

Annotations:
D:3 Anon1729's ghost, weakling DDGl


Innate Abilities, Weirdness & Mutations

Your plain brown scales are hard. (AC +5)
You cannot fit into any form of body armour.
You are cold-blooded and may be slowed by cold attacks.


Message History

The acid corrodes Anon1729's ghost!
Anon1729's ghost is moderately damaged.
Casting: Beastly Appendage (safe; 5% risk of failure)
Confirm with . or Enter, or press ? or * to list all spells.
Okay, then.
Evoke which item? (* to show all) (? for menu, Esc to quit)
Aiming: Corrosive Bolt
Press: ? - help, Shift-Dir - straight line, f/p - Anon1729's ghost
Aim: Anon1729's ghost (moderately damaged, covered in acid)
The bolt of acid hits Anon1729's ghost.
Anon1729's ghost is splashed with acid.
The acid corrodes Anon1729's ghost!
Anon1729's ghost is almost destroyed.
You barely miss Anon1729's ghost.
Anon1729's ghost is almost destroyed.
Anon1729's ghost misses you.
You closely miss Anon1729's ghost.
Anon1729's ghost is almost destroyed.
You are feeling hungry.
Anon1729's ghost hits you!
You die...

#....).# #......# #......#
#......#############
#...>...).W..#.....##
#......#####..........).
#......##....#..?%.##...#_
#).....##.W....>..... ...#
#.......#@.........# ...
#######.........?..# #..
##....)......# ##..
#####.......####...
#.......?.#...##
##########<....).........
#........................
#.......................#
#<......##...............


You could see Anon1729's ghost.

Vanquished Creatures
  A scorpion (D:2)
  An orc priest (D:3)
  2 orc wizards
  An adder (D:2)
  A shadow imp (D:3)
  2 oozes (D:2)
  2 dart slugs
  8 orcs (D:3)
  3 bats
  3 giant cockroaches (D:2)
  4 goblins
  6 hobgoblins
  2 jackals (D:2)
  5 kobolds (D:2)
  A ball python (D:2)
  4 frilled lizards
  5 rats
51 creatures vanquished.

Notes
Turn   | Place    | Note
-------+----------+-------------------------------------------
     0 | D:1      | KristoblXynda the Draconian Transmuter began the quest for the Orb.
     0 | D:1      | Reached XP level 1. HP: 16/16 MP: 3/3
   203 | D:1      | Reached XP level 2. HP: 23/23 MP: 5/5
   583 | D:2      | Noticed a scorpion
   780 | D:2      | Found a sacrificial altar of Ru.
   796 | D:2      | Reached skill level 4 in Unarmed Combat
   796 | D:2      | Reached XP level 3. HP: 10/28 MP: 4/6
  1051 | D:2      | Became a worshipper of Ru the Awakened
  1061 | D:2      | Learned a level 3 spell: Spider Form
  1071 | D:2      | Learned a level 2 spell: Sticks to Snakes
  1073 | D:2      | Found an iron altar of Okawaru.
  1384 | D:2      | Killed a scorpion
  1384 | D:2      | Reached XP level 4. HP: 28/35 MP: 0/7
  2327 | D:3      | Reached skill level 5 in Unarmed Combat
  2327 | D:3      | Reached XP level 5. HP: 23/40 MP: 4/8
  2334 | D:3      | HP: 1/40 [shadow imp/nerve-wracking pain (12)]
  2349 | D:3      | HP: 2/40 [rat (1)]
  2353 | D:3      | Noticed Anon1729's ghost (weakling DDGl)
  2798 | D:3      | Found a faded altar of an unknown god.
  2849 | D:3      | HP: 2/40 [orc/mace (1)]
  2858 | D:3      | HP: 2/40 [orc (1)]
  2888 | D:3      | Slain by Anon1729's ghost

Vault maps used:
D:1:      nicolae_arrival_washed_ashore
D:2:      nicolae_ru_great_annihilating_truth, first_ration,
          okawaru_ov_weapons_minmay
D:3:      lemuel_coloured_pillars_altar, chequers_ecumenical_altar_simple,
          uniq_sigmund

Skill      XL: |  1  2  3  4 |
---------------+-------------+-----
Unarmed Combat | 4 5 |  5.5
Transmutations | 3 |  3.7
Fighting       | |  1.1
Dodging        | |  1.7
Spellcasting   | |  2.0

Action                   |  1- 3 |  4- 6 || total
-------------------------+-------+-------++-------
Melee: Unarmed           |   111 |    94 ||   205
       Tailslap          |     8 |     5 ||    13
       Punch             |     2 |     1 ||     3
       Headbutt          |     1 |     1 ||     2
       Kick              |       |     1 ||     1
 Cast: Beastly Appendage |     1 |     3 ||     4
       Sticks to Snakes  |     2 |     1 ||     3
       Spider Form       |       |     1 ||     1
Evoke: Wand              |       |     4 ||     4
  Use: Scroll            |     2 |     1 ||     3
       Potion            |       |     1 ||     1
 Stab: Paralysed         |     3 |       ||     3
       Sleeping          |       |     1 ||     1
  Eat: Chunk             |     1 |     2 ||     3
       Ration            |       |     1 ||     1
Armor: Skin              |    42 |    21 ||    63
Dodge: Dodged            |    46 |    69 ||   115

Table legend:
 A = Spawn XP
 B = Non-spawn XP
 C = Spawn XP percentage of total XP
 D = Spawn monster count
 E = Non-spawn monster count
 F = Spawn count percentage of total count
 G = Total turns spent on level
                    A         B        C        D         E        F      G
               +---------+---------+-------+---------+---------+-------+---------
         Total |       0 |     303 |   0.0 |       0 |      51 |   0.0 |  2888
               +---------+---------+-------+---------+---------+-------+---------
           D:1 |       0 |      13 |   0.0 |       0 |       6 |   0.0 |   412
           D:2 |       0 |     165 |   0.0 |       0 |      30 |   0.0 |  2314
           D:3 |       0 |     125 |   0.0 |       0 |      15 |   0.0 |   162
               +---------+---------+-------+---------+---------+-------+---------
